 Dungeon Crawl Stone Soup version 0.31-a0-662-g684573625c (webtiles) character file.

Game seed: 273562349966974407

95 erloom the Conjurer (level 4, -1/33 HPs)
             Began as a Draconian Conjurer on Sept 1, 2023.
             Slain by Terence
             ... wielding a +1 short sword of speed
              (3 damage)
             ... on level 3 of the Dungeon.
             The game lasted 00:03:47 (2427 turns).

erloom the Conjurer (Draconian Conjurer)            Turns: 2427, Time: 00:03:48

Health: -1/33      AC:  6    Str: 10    XL:     4   Next: 40%
Magic:  4/9        EV: 12    Int: 20    God:
Gold:   92         SH:  0    Dex:  9    Spells: 8/9 levels left

rFire   . . .        b - +0 short sword
rCold   . . .        (no shield)
rNeg    . . .        (body armour unavailable)
rPois   .            (helmet restricted)
rElec   .            (no cloak)
rCorr   .            f - +0 pair of gloves
SInv    .            (no boots)
Will    .....        (no amulet)
Stlth   ++           (no ring)
HPRegen 0.25/turn    (no ring)
MPRegen 0.11/turn

%: no passive effects
@: no status effects
A: AC +5, unfitting armour, cold-blooded
a: no special abilities


You were on level 3 of the Dungeon.
You visited 1 branch of the dungeon, and saw 3 of its levels.

You collected 92 gold pieces.

Inventory:

Hand Weapons
 b - a +0 short sword (weapon)
Missiles
 k - a throwing net
Armour
 f - a +0 pair of gloves (worn)
Scrolls
 c - a scroll of revelation
 h - a scroll of vulnerability {unknown}
 l - a scroll of amnesia {unknown}
Potions
 a - a potion of magic
 g - a potion of haste {unknown}
 i - a potion of attraction {unknown}
 j - a potion of brilliance {unknown}


   Skills:
 - Level 1.7 Dodging
 - Level 1.7 Stealth
 + Level 3.3 Spellcasting
 + Level 5.0 Conjurations


You had 8 spell levels left.
You knew the following spells:

 Your Spells              Type           Power      Damage    Failure   Level
a - Magic Dart            Conj           92%        1d7       1%          1

Your spell library contained the following spells:

 Spells                   Type           Power      Damage    Failure   Level
 Searing Ray              Conj           46%        2d6       2%          2
 Dazzling Flash           Conj/Hex       26%        N/A       14%         3
 Fulminant Prism          Conj/Hex       6%         3d7       43%         4
 Iskenderun's Mystic Bla  Conj/Tloc      13%        2d5       43%         4


Dungeon Overview and Level Annotations

Branches:
Dungeon (3/15)

Altars:

Annotations:
D:1 exclusion: downstairs
D:2 Sigmund
D:3 Terence


Innate Abilities, Weirdness & Mutations

Your plain brown scales are hard. (AC +5)
You cannot fit into any form of body armour.
You are cold-blooded and may be slowed by cold attacks.


Message History

The magic dart hits Terence but does no damage.
Terence hits you with a +1 short sword of speed.
Terence barely misses you.
The magic dart hits Terence but does no damage.
Terence closely misses you.
A giant cockroach comes into view.
The magic dart hits Terence but does no damage.
Terence hits you with a +1 short sword of speed. x2
You closely miss Terence.
Terence hits you with a +1 short sword of speed.
Terence hits you but does no damage.
Terence hits you with a +1 short sword of speed.
* * * LOW HITPOINT WARNING * * *
You climb downwards.
There is a stone staircase leading up here.
As you read the scroll labelled RIPOTAZIEL, it crumbles to dust.
You feel aware of your surroundings.
It was a scroll of revelation.
Terence hits you with a +1 short sword of speed.
* * * LOW HITPOINT WARNING * * *
As you read the scroll labelled YMNUGGUOMN, it crumbles to dust.
It is a scroll of identify.
e - a scroll of poison Terence hits you with a +1 short sword of speed.
* * * LOW HITPOINT WARNING * * *
Terence misses you.
Okay, then.
The air fills with toxic fumes!
As you read the scroll of poison, it crumbles to dust.
Terence barely misses you.
Unknown command.
You hit Terence but do no damage. Terence hits you but does no damage. x2
You hit Terence but do no damage. Terence hits you but does no damage.
You barely miss Terence.
Terence hits you with a +1 short sword of speed.
* * * LOW HITPOINT WARNING * * *
Terence closely misses you.
Unknown command.
You hit Terence but do no damage.
Terence hits you with a +1 short sword of speed.
You die...

#.#.##.....
##############.#.###.###
##############.......##
###############.......#
###############..####.#
###############..# #.#
#######§§>#####..####.##
#######§#§§§§§§)........
#######@@§#####..####.##
#########§######...###.#
#........§#####.....##.#
#.##.###.#######.......#
#.##.###.########.######
#.##.###.########.#
#.##........#####.#
#.######.##.#####+##
#........##.# ##...##


You could see Terence.

Vanquished Creatures
  A jelly (D:3)
  2 adders
  A worm (D:3)
  A dart slug (D:3)
  2 bats
  2 endoplasms
  2 giant cockroaches
  7 goblins
  2 hobgoblins (D:3)
  4 jackals (D:1)
  5 kobolds
  3 quokkas
  4 ball pythons (D:1)
  A frilled lizard (D:1)
  3 rats
40 creatures vanquished.

Notes
Turn   | Place    | Note
-------+----------+-------------------------------------------
     0 | D:1      | erloom the Draconian Conjurer began the quest for the Orb.
     0 | D:1      | Reached XP level 1. HP: 14/14 MP: 3/3
   222 | D:1      | Reached XP level 2. HP: 20/20 MP: 1/5
   905 | D:1      | Found a faded altar of an unknown god.
   996 | D:2      | Noticed Sigmund
  1032 | D:2      | Reached XP level 3. HP: 26/26 MP: 2/7
  2286 | D:3      | Reached XP level 4. HP: 27/33 MP: 5/8
  2326 | D:3      | Reached skill level 5 in Conjurations
  2411 | D:2      | Noticed Terence
  2427 | D:3      | Slain by Terence

Illustrated notes

Levels and vault maps discovered:
D:1:      roderic_crossed_star, layout_rooms,
          shapermc_ecumenical_altar_hornbeckon
D:2:      layout_basic, serial_corexii_hall, chequers_hall_statues_y,
          corexii_hall_statues_l, corexii_hall_statues_x,
          chequers_hall_statues_wall_a, uniq_terence, uniq_sigmund,
          uniq_crazy_yiuf_cottage
D:3:      layout_loops_corners

Skill      XL: |  1  2  3  4 |
---------------+-------------+-----
Spellcasting   | 3 |  3.3
Conjurations   | 5 |  5.0
Dodging        | |  1.7
Stealth        | |  1.7

Action                     |  1- 3 |  4- 6 || total
---------------------------+-------+-------++-------
  Melee: Short sword       |    20 |     5 ||    25
         Tailslap          |     1 |       ||     1
   Cast: Magic Dart        |    87 |    10 ||    97
    Use: Scroll            |       |     3 ||     3
 Armour: Skin              |    26 |    15 ||    41
  Dodge: Dodged            |    25 |     7 ||    32

Table legend: (Time is in decaauts)
 A = Elapsed time spent in this place.
 B = Non-inter-level travel time spent in this place.
 C = Inter-level travel time spent in this place.
 D = Time resting spent in this place.
 E = Time spent auto-exploring this place.
 F = Levels seen in this place.
 G = Mean time per level.
                   A        B        C        D        E       F      G
               +--------+--------+--------+--------+--------+-----+--------+
         Total |   2434 |   2373 |     61 |      0 |   1939 |   3 |  811.3 |
       Dungeon |   2434 |   2373 |     61 |      0 |   1939 |   3 |  811.3 |
               +--------+--------+--------+--------+--------+-----+--------+

Top non-repeatable levels by time:
     D:1: 1034 daAuts
     D:3: 997 daAuts
     D:2: 403 daAuts
